 Dungeon Crawl Stone Soup version 0.20-a0-1089-g3fde505 (webtiles) character file.

471 Alarkh the Chopper (level 6, -8/70 HPs)
             Began as a Demonspawn Berserker on May 3, 2017.
             Was a Priest of Trog.
             Mangled by a wyvern zombie (15 damage)
             ... in an ossuary.
             The game lasted 00:05:19 (4946 turns).

Alarkh the Chopper (Demonspawn Berserker)           Turns: 4946, Time: 00:05:20

Health: -8/70      AC:  2    Str: 22    XL:     6   Next: 83%
Magic:  6/6        EV: 12    Int: 11    God:    Trog [***...]
Gold:   236        SH:  0    Dex: 12    Spells: 5/5 levels left

rFire    + . .     SeeInvis .   a - +0 hand axe
rCold    . . .     Gourm    .   (no shield)
rNeg     + . .     Faith    .   b - +0 animal skin
rPois    .         Spirit   .   (no helmet)
rElec    .         Reflect  .   (no cloak)
rCorr    .         Harm     .   (no gloves)
MR       .....                  (no boots)
Stlth    ..........             (no amulet)
Regen    0.3/turn               k - ring of protection from fire
MPRegen  0.1/turn               l - ring of positive energy

@: mighty, berserking, very quick
A: powered by death 1, powered by pain 1
a: Berserk, Trog's Hand, Burn Spellbooks, Renounce Religion


You were in an ossuary.
You worshipped Trog.
Trog was most pleased with you.
You were not hungry.

You visited 1 branch of the dungeon, and saw 4 of its levels.
You also visited: Ossuary.

You collected 236 gold pieces.

Inventory:

Hand Weapons
 a - a +0 hand axe (weapon)
Armour
 b - a +0 animal skin (worn)
Jewellery
 k - a ring of protection from fire (left hand)
 l - a ring of positive energy (right hand)
Wands
 v - a wand of disintegration (12/24)
Scrolls
 d - a scroll of blinking
 g - a scroll of immolation {unknown}
 h - a scroll of fog {unknown}
 j - 2 scrolls of remove curse
 o - a scroll of teleportation {unknown}
 r - a scroll of magic mapping {unknown}
 u - a scroll of fear {unknown}
 w - a scroll of amnesia {unknown}
 x - a scroll of identify {unknown}
Potions
 e - 2 potions of flight {unknown}
 i - 4 potions of curing {unknown}
 n - a potion of haste {unknown}
 p - a potion of heal wounds {unknown}
 s - 2 potions of resistance
 t - a potion of cancellation {unknown}
Comestibles
 c - 5 bread rations
 f - 2 royal jellies


   Skills:
 - Level 3.0 Fighting
 + Level 7.1 Axes
 - Level 1.7 Armour
 - Level 1.7 Dodging


You had 5 spell levels left.
You didn't know any spells.

Dungeon Overview and Level Annotations

Branches:
Dungeon (4/15)
 Temple: D:4-7

Altars:


Innate Abilities, Weirdness & Mutations

You regenerate a little health from kills.
You sometimes gain a little power by taking damage.


Message History

The wyvern zombie bites you!
* * * LOW HITPOINT WARNING * * *
You are too injured to fight recklessly!
You are too injured to fight recklessly!
You are too injured to fight recklessly!
You are too injured to fight recklessly!
A wyvern zombie is nearby!
The wyvern zombie closely misses you.
A red film seems to cover your vision as you go berserk!
You feel yourself moving faster!
You feel mighty!
You feel quite a bit more hungry.
The wyvern zombie bites you but does no damage.
The wyvern zombie bites you!
* * * LOW HITPOINT WARNING * * *
You slash the wyvern zombie!
The wyvern zombie is moderately damaged.
You slice the wyvern zombie!!
The wyvern zombie is severely damaged.
The wyvern zombie bites you!
You die...

####### #.#.#.#
#'#'#+#+#'#'#'###
+.......Z@....'.#
#.##'##'##'##.###
#! #.#...#.+ #
###.∩.#.# #∩..#.+
#####.# ..+ #.#


You could see a wyvern zombie.

Vanquished Creatures
  A wyvern zombie (Ossuary)
  A centaur zombie (Ossuary)
  2 bullfrog zombies (Ossuary)
  An orc priest (D:3)
  Jessica (D:3)
  Ijyb (D:3)
  An orc wizard (D:3)
  A worker ant (D:4)
  4 mummies (Ossuary)
  4 adders
  2 dart slugs
  2 worms
  3 leopard geckos
  14 orcs
  A ball python (D:1)
  10 bats
  2 giant cockroaches (D:3)
  5 hobgoblins
  7 kobolds
  2 quokkas (D:2)
  3 frilled lizards (D:2)
  A giant cockroach zombie (Ossuary)
  4 goblins
  A leopard gecko zombie (Ossuary)
  A quokka zombie (Ossuary)
  10 rats
85 creatures vanquished.

Vanquished Creatures (others)
  4 withered plants (Ossuary)
4 creatures vanquished.

Grand Total: 89 creatures vanquished

Notes
Turn   | Place    | Note
-------+----------+-------------------------------------------
     0 | D:1      | Alarkh the Demonspawn Berserker began the quest for the Orb.
     0 | D:1      | Reached XP level 1. HP: 18/18 MP: 1/1
   204 | D:1      | Reached skill level 3 in Axes
   275 | D:1      | Gained mutation: You sometimes gain a little power by taking damage. [demonic ancestry]
   275 | D:1      | Reached XP level 2. HP: 22/24 MP: 2/2
  1323 | D:2      | Reached XP level 3. HP: 18/29 MP: 3/3
  1359 | D:2      | Reached skill level 4 in Axes
  1920 | D:2      | Reached ** piety under Trog
  2793 | D:3      | Gained mutation: You regenerate a little health from kills. [demonic ancestry]
  2793 | D:3      | Reached XP level 4. HP: 27/35 MP: 4/4
  3089 | D:3      | Reached skill level 5 in Axes
  3167 | D:3      | Noticed Jessica
  3172 | D:3      | Killed Jessica
  3172 | D:3      | Reached XP level 5. HP: 41/41 MP: 5/5
  3803 | D:3      | Reached *** piety under Trog
  4051 | D:3      | Noticed Ijyb
  4058 | D:3      | Killed Ijyb
  4318 | D:4      | Reached skill level 6 in Axes
  4398 | D:4      | Found a sand-covered staircase.
  4478 | Ossuary  | Entered an ossuary
  4495 | Ossuary  | Reached XP level 6. HP: 47/47 MP: 6/6
  4674 | Ossuary  | Reached skill level 7 in Axes
  4946 | Ossuary  | Mangled by a wyvern zombie

Vault maps used:
D:1:      minmay_arrival_cross
D:3:      first_bread, grunt_ministairs_4, uniq_jessica, uniq_ijyb
D:4:      nicolae_ossuary_entry_false_entrances, serial_shops, shop
Ossuary:  ossuary_zaba_flooded

Skill      XL: |  1  2  3  4  5  6 |
---------------+-------------------+-----
Axes           | 3 4 5 6 7 |  7.1
Fighting       | |  3.0
Armour         | |  1.7
Dodging        | |  1.7

Action                   |  1- 3 |  4- 6 || total
-------------------------+-------+-------++-------
Melee: Hand axe          |   144 |   174 ||   318
Invok: Berserk           |     5 |    11 ||    16
  Use: Scroll            |     3 |       ||     3
 Stab: Sleeping          |     3 |     2 ||     5
  Eat: Chunk             |    10 |    13 ||    23
       Meat ration       |       |     1 ||     1
Armor: Animal skin       |    34 |    14 ||    48
Dodge: Dodged            |   118 |    84 ||   202
